AoeStats
← chadengienjoyer

Arena

510125984Analyzed
4v4 RM · 1d ago on Sep 29, 2026· 148m 56s· 8 players
Game mode
Random Map
Map size
Large (8 player)
Population
200
Speed
Normal
Resources
Standard
Victory
Conquest
Starting age
Dark Age
Ending age
Imperial Age
RankedLock teamsTeams togetherTeam positionsShared explorationLock speedFull tech treeHidden civsTurbo modeCheats
Victory
Defeat
🇻🇳 Franks · Vietnam
745
+15
🇮🇳 Turks · India
732
+15
🇫🇷 Britons · France
723
+16
🇺🇸 Portuguese · United States
565
+22
🇻🇳 Persians · Vietnam
738
-18
🇯🇵 Danes · Japan
732
-18
🇮🇩 Romans · Indonesia
693
-16
🇨🇳 Britons · China
677
-16
-300
9:44 Feudal Age
11:45 Double-Bit Axe
19:58 Castle Age
18:42 Gold Mining
19:02 Stone Mining
21:14 Bow Saw
22:06 Horse Collar
23:04 Gold Shaft Mining
22:32 Fletching
22:54 Forging
31:07 Imperial Age
28:58 Heavy Plow
29:19 Bodkin Arrow
30:07 Iron Casting
32:18 Pikeman
36:25 Two-Man Saw
37:00 Blast Furnace
36:35 Yeomen
36:54 Bracer
41:47 Scale Mail Armor
42:07 Elite Longbowman
44:50 Chemistry
44:11 Ballistics
44:10 Chain Mail Armor
43:55 Padded Archer Armor
43:48 Halberdier
45:36 Plate Mail Armor
47:37 Conscription
47:48 Leather Archer Armor
47:54 Siege Engineers
47:49 Treadmill Crane
48:19 Masonry
58:17 Warwolf
121:38 Elite Skirmisher
131:02 Fortified Wall
138:45 Wheelbarrow
138:59 Murder Holes
138:57 Guard Tower
139:54 Architecture
142:49 Hoardings
142:49 Hand Cart
RuinMireia
12:06 Feudal Age
13:17 Double-Bit Axe
16:04 Castle Age
14:15 Horse Collar
16:08 Arson
16:26 Scale Mail Armor
18:01 Wheelbarrow
17:17 Gambesons
18:03 Bow Saw
22:16 Chain Mail Armor
23:23 Forging
25:56 Iron Casting
26:54 Squires
29:57 Hand Cart
34:30 Imperial Age
32:47 Loom
33:11 Gold Mining
34:57 Fletching
35:08 Padded Archer Armor
35:16 Thumb Ring
35:13 Capped Ram
35:21 Elite Jomsviking
36:21 Conscription
35:24 Hamask
36:03 Elite Skirmisher
36:39 Bodkin Arrow
37:00 Leather Archer Armor
37:16 Plate Mail Armor
37:20 Heavy Plow
38:42 Chemistry
38:02 Ballistics
37:44 Bracer
37:38 Onager
39:13 Siege Engineers
39:45 Ring Archer Armor
41:46 Siege Ram
41:49 Heavy Scorpion
43:50 Blast Furnace
43:43 Masonry
46:39 Murder Holes
62:43 Pikeman
63:45 Halberdier
68:18 Siege Onager
82:58 Northmen's Fury
84:20 Caravan
137:15 Man-at-Arms
137:50 Long Swordsman
140:11 Two-Handed Swordsman
141:29 Champion
duchuy2442
8:59 Feudal Age
10:00 Stone Mining
15:15 Horse Collar
20:55 Castle Age
21:38 Heavy Plow
23:53 Forging
32:39 Scale Barding Armor
33:14 Wheelbarrow
32:38 Double-Bit Axe
35:03 Fletching
39:46 Imperial Age
37:55 Bow Saw
43:21 Chain Barding Armor
44:00 Stone Shaft Mining
45:05 Crop Rotation
47:27 Plate Barding Armor
47:28 Iron Casting
47:15 Hand Cart
47:56 Conscription
49:37 Two-Man Saw
50:05 Chemistry
49:37 Gold Mining
55:07 Heavy Camel Rider
58:08 Blast Furnace
59:08 Husbandry
59:21 Bloodlines
64:26 Gold Shaft Mining
67:22 Guilds
71:35 Light Cavalry
73:30 Hussar
102:08 Caravan
115:50 Cavalier
125:17 Savar
acilr
13:12 Feudal Age
13:52 Double-Bit Axe
15:13 Horse Collar
20:17 Castle Age
18:25 Stone Mining
18:53 Gold Mining
20:16 Wheelbarrow
21:16 Heavy Plow
21:55 Bow Saw
26:52 Gold Shaft Mining
28:32 Town Watch
29:18 Hand Cart
34:13 Imperial Age
31:31 Loom
31:41 Town Watch
32:22 Ballistics
32:21 Ballistas
33:41 Caravan
33:56 Padded Archer Armor
33:46 Fletching
34:07 Forging
33:58 Scale Mail Armor
34:11 Husbandry
34:21 Scale Barding Armor
36:06 Chemistry
35:12 Siege Engineers
35:13 Heavy Scorpion
37:32 Comitatenses
37:33 Conscription
36:45 Sappers
37:16 Bodkin Arrow
38:06 Leather Archer Armor
38:09 Masonry
37:55 Murder Holes
42:32 Architecture
43:01 Ring Archer Armor
42:52 Chain Barding Armor
42:48 Chain Mail Armor
43:05 Cavalier
51:07 Iron Casting
51:09 Plate Barding Armor
57:40 Pikeman
58:21 Squires
61:30 Halberdier
69:57 Elite Centurion
86:30 Capped Ram
102:08 Elite Skirmisher
124:08 Blast Furnace
140:20 Siege Ram
Pazuzal
0:45 Loom
11:20 Feudal Age
12:39 Wheelbarrow
11:50 Town Watch
11:56 Double-Bit Axe
11:57 Horse Collar
16:34 Gold Mining
16:35 Stone Mining
22:18 Castle Age
23:51 Hand Cart
23:36 Town Patrol
24:53 Gold Shaft Mining
26:32 Heavy Plow
26:46 Bow Saw
34:54 Imperial Age
33:01 Ballistics
32:22 Treadmill Crane
33:00 Fletching
34:19 Bodkin Arrow
34:36 Masonry
35:13 Yeomen
35:36 Warwolf
36:13 Hoardings
37:05 Conscription
37:40 Bracer
38:36 Siege Engineers
39:21 Elite Longbowman
42:58 Padded Archer Armor
43:31 Architecture
42:57 Murder Holes
43:13 Fortified Wall
43:53 Squires
43:45 Arson
43:54 Pikeman
44:56 Leather Archer Armor
44:41 Scale Mail Armor
44:52 Forging
46:18 Ring Archer Armor
48:05 Chemistry
50:15 Iron Casting
49:57 Chain Mail Armor
53:08 Halberdier
57:28 Elite Skirmisher
84:30 Blast Furnace
84:10 Plate Mail Armor
106:59 Two-Man Saw
bt1014
12:58 Feudal Age
16:59 Castle Age
15:24 Double-Bit Axe
21:38 Horse Collar
22:13 Bow Saw
25:02 Stone Mining
29:59 Ballistics
31:09 Murder Holes
36:26 Imperial Age
37:16 Arquebus
36:54 Elite Organ Gun
40:25 Chemistry
61:37 Forging
61:28 Scale Mail Armor
61:28 Pikeman
62:54 Iron Casting
62:05 Halberdier
66:07 Blast Furnace
65:23 Chain Mail Armor
67:03 Arson
90:22 Fletching
90:33 Padded Archer Armor
90:40 Elite Skirmisher
92:01 Thumb Ring
91:56 Bodkin Arrow
92:16 Leather Archer Armor
93:58 Bracer
95:36 Ring Archer Armor
120:58 Scale Barding Armor
122:54 Bloodlines
122:45 Husbandry
122:07 Light Cavalry
122:29 Cavalier
128:11 Chain Barding Armor
chadengienjoyer
10:33 Loom
11:49 Loom
13:53 Feudal Age
18:41 Castle Age
17:56 Horse Collar
20:06 Double-Bit Axe
24:51 Imperial Age
24:45 Heavy Plow
45:21 Caravan
57:46 Heavy Cavalry Archer
58:53 Parthian Tactics
66:57 Fletching
69:02 Bodkin Arrow
70:57 Bloodlines
72:06 Husbandry
88:14 Man-at-Arms
88:56 Squires
98:32 Long Swordsman
101:02 Heavy Plow
127:07 Wheelbarrow
134:29 Coinage
142:16 Banking
146:01 Capped Ram
147:05 Siege Ram
148:01 Heavy Camel Rider
Peter Xavier
0:43 Loom
11:52 Feudal Age
18:22 Castle Age
16:34 Double-Bit Axe
19:01 Scale Barding Armor
19:39 Bow Saw
25:02 Forging
28:10 Fletching
37:38 Imperial Age
37:28 Wheelbarrow
37:02 Treadmill Crane
37:35 Fortified Wall
37:54 Husbandry
37:56 Gold Mining
38:05 Stone Mining
38:35 Hand Cart
39:31 Hoardings
39:39 Cavalier
40:48 Town Watch
42:42 Chemistry
42:20 Iron Casting
42:42 Gold Shaft Mining
43:54 Coinage
43:27 Caravan
43:50 Paladin
44:43 Chivalry
45:50 Blast Furnace
45:11 Chain Barding Armor
49:53 Plate Barding Armor
51:29 Padded Archer Armor
60:57 Pikeman
61:38 Squires
62:50 Halberdier
63:40 Scale Mail Armor
64:52 Banking
63:53 Elite Throwing Axeman
64:56 Elite Skirmisher
68:16 Chain Mail Armor
68:52 Conscription
67:58 Ordonnance Companies
68:21 Cranequins
71:24 Gambesons
71:34 Gambesons
71:35 Arson
73:11 Leather Archer Armor
73:27 Plate Mail Armor
74:00 Heavy Mounted Crossbowman
75:36 Ballistics
75:27 Masonry
84:35 Bodkin Arrow
86:23 Architecture
88:18 Siege Engineers
Connection lost

Rejoining the realm…

Still unreachable

The connection could not be restored.

Session expired

The server has moved on; the page needs a fresh start.